 Dungeon Crawl Stone Soup version 0.30-a0-462-gd5975efbca (webtiles) character file.

Game seed: 6026376162983896582

21695 holysushi the Nimble (level 12, 75/75 (81) HPs)
             Began as a Demonspawn Necromancer on Dec 17, 2022.
             Was an Initiate of Yredelemnul.
             Quit the game on level 2 of the Lair of Beasts.
             The game lasted 00:44:04 (13858 turns).

holysushi the Nimble (Demonspawn Necromancer)      Turns: 13858, Time: 00:44:05

HP:   75/75 (81)    AC: 12    Str: 11    XL:     12   Next: 56%
MP:   15/15         EV: 20    Int: 22    God:    Yredelemnul [......]
Gold: 497           SH:  0    Dex: 17    Spells: 9/15 levels left

rFire   . . .      SeeInvis .    P - +4 dagger (venom)
rCold   + . .      Faith    .    (no shield)
rNeg    . . .      Spirit   .    d - +1 robe {rC+}
rPois   +          Reflect  .    E - +1 helmet
rElec   .          Harm     .    C - +2 cloak
rCorr   .          Rampage  .    y - +0 pair of gloves
Will    .....                    (no boots)
Stlth   ++++......               W - amulet of regeneration
HPRegen 1.12/turn                e - +6 ring of intelligence
MPRegen 0.14/turn                V - ring of poison resistance

@: drained
A: icy blue scales 2, demonic guardian 2, ignite blood 2, demonic touch 2
a: Renounce Religion, Recall Undead Harvest


You were on level 2 of the Lair of Beasts.
You worshipped Yredelemnul.
Yredelemnul was noncommittal.
You visited 3 branches of the dungeon, and saw 14 of its levels.

You collected 707 gold pieces.
You spent 210 gold pieces at shops.

Inventory:

Hand Weapons
 k - a +2 dagger of chaos
 u - a +0 short sword
 P - a +4 dagger of venom (weapon)
Missiles
 S - 4 throwing nets
Armour
 d - a +1 robe of cold resistance (worn)
 y - a +0 pair of gloves (worn)
 C - a +2 cloak (worn)
 E - a +1 helmet (worn)
 I - the +18 Lear's hauberk
   (You found it on level 8 of the Dungeon)
Jewellery
 e - a +6 ring of intelligence (left hand)
 f - a ring of see invisible
 n - a ring of magical power
 q - a ring of ice
 t - a ring of wizardry
 z - a ring of willpower
 V - a ring of poison resistance (right hand)
 W - an amulet of regeneration (around neck)
Wands
 w - a wand of polymorph (11)
 J - a wand of iceblast (15)
 O - a wand of flame (48)
 Q - a wand of charming (14)
 T - a wand of quicksilver (10)
Scrolls
 c - 8 scrolls of fog
 m - a scroll of fear
 r - 2 scrolls of amnesia
 s - 2 scrolls of enchant armour
 A - 3 scrolls of magic mapping
 G - 2 scrolls of immolation
 H - a scroll of vulnerability
 M - a scroll of teleportation
 N - a scroll of blinking
 U - a scroll of torment
Potions
 a - 3 potions of mutation
 b - 2 potions of magic
 i - 2 potions of invisibility
 l - 3 potions of heal wounds
 p - 2 potions of might
 v - a potion of curing
 x - a potion of resistance
 B - a potion of haste
 D - 4 potions of attraction
 F - 5 potions of berserk rage
 K - a potion of flight
 L - 3 potions of lignification
 R - 4 potions of brilliance


   Skills:
 + Level 3.0 Fighting
 - Level 10.0 Short Blades
 - Level 13.6 Dodging
 + Level 8.0 Stealth
 - Level 2.0 Spellcasting
 - Level 8.9 Necromancy
 + Level 0.0 Invocations


You had 9 spell levels left.
You knew the following spells:

 Your Spells              Type           Power      Damage    Failure   Level
a - Necrotise             Necr           100%       1d9       1%          1
b - Vampiric Draining     Necr           41%        2d8       1%          3
d - Cigotuvi's Dreadful   Necr/Pois/Air  30%        N/A       6%          2

Your spell library contained the following spells:

 Spells                   Type           Power      Damage    Failure   Level
 Sublimation of Blood     Necr           41%        N/A       1%          2
 Agony                    Necr           41%        N/A       10%         5
 Freeze                   Ice            8%         1d3       14%         1
 Blink                    Tloc           4%         N/A       21%         2
 Poisonous Vapours        Pois/Air       4%         N/A       21%         2
 Wereblood                Tmut           2%         N/A       21%         2
 Frozen Ramparts          Ice            4%         1d1       38%         3
 Hailstorm                Conj/Ice       2%         3d3       38%         3
 Mephitic Cloud           Conj/Pois/Air  2%         N/A       38%         3
 Manifold Assault         Tloc           2%         N/A       80%         4
 Storm Form               Tmut/Air       1%         N/A       100%        7
 Summon Hydra             Summ           1%         N/A       100%        7
 Animate Dead             Necr           Unusable   N/A       N/A         4

Dungeon Overview and Level Annotations

Branches:
Dungeon (9/15) Zot: 25836  Temple (1/1) D:6 Zot: 5984    Lair (4/5) D:9 Zot: 21065
 Shoals (0/4) Lair:3       Spider (0/4) Lair:2
  Slime: Lair:4-5       Orc: D:9-12

Altars:
Ashenzari
Dithmenos
Fedhas
Kikubaaqudgha
Okawaru
Qazlal
Ru
Yredelemnul

Shops:
D:4 !

Annotations:
D:4 exclusion: downstairs
D:8 exclusion: downstairs
Lair:3 3 runed translucent doors, Aplut's ghost, journeyman MiBe; Josephine


Innate Abilities, Weirdness & Mutations

You are mostly covered in icy blue scales. (AC +3)
A demonic guardian rushes to your aid.
Your demonic aura often causes spilled blood to erupt in flames.
Your touch may inflict irresistible damage on your foes.


Message History

Josephine misses you. The wraith closely misses you. The wraith misses you.
Josephine misses you.
You hit Josephine.
Josephine looks as sick as possible!
Josephine is heavily wounded.
You hit Josephine.
Josephine looks as sick as possible!
You touch Josephine!
Josephine is severely wounded.
The wraith barely misses you.
Josephine hits you with a +1 dagger of venom!
The wraith hits you. The wraith attacks as you move away! The wraith hits you.
The wraith drains your vigour!
You feel as though you will be slow longer.
Josephine grins malevolently.
Josephine draws life force from you!
* * * LOW HITPOINT WARNING * * *
Josephine is healed by the life force!
The wraith misses you.
Josephine hits you with a +1 dagger of venom.
* * * LOW HITPOINT WARNING * * *
Unknown command.
Unknown command.
As you read the scroll of fear, it crumbles to dust.
You assume a fearsome visage.
The wraith is unaffected. x2
Josephine looks frightened!
The wraith hits you but does no damage.
Josephine tries to recover her lost courage.
The wraith misses you.
Blink to where?
Press: ? - help, Dir - move target
As you read the scroll of blinking, it crumbles to dust.
There is a stone staircase leading up here.
Magic restored.
You climb upwards.
There is a stone staircase leading down here.
You start resting.
You feel yourself speed up.
You start resting.
HP restored.
Okay, then.
There is a stone staircase leading down here.
Okay, then.
Are you sure you want to abandon this character and quit the game? (Confirm with "yes".)

### ### #### ###############.##
..#####P.####.##.##.##.#.##..####
.................................
......####.#.P..@..............#.
.......###..##................#..
.......##..#....##...#P##.....#..
.......##.......####.###.........
............##..####.###P.....P..
.......#........##.....##........
......#####.##...#.........).....
.......# #.#.#..##....##.........
......P#######..P########.....P..


There were no monsters in sight!

Vanquished Creatures
  Fannar (Lair:3)
  Harold (Lair:1)
  A death yak (Lair:1)
  A wizard (D:9)
  A black mamba (Lair:2)
  Joseph (D:8)
  5 cane toads
  Psyche (D:8)
  6 komodo dragons
  2 rime drakes
  A death yak zombie (Lair:1)
  A troll (D:9)
  Prince Ribbit (D:6)
  7 blink frogs
  A hornet (D:9)
  6 dream sheep (Lair:3)
  A snapping turtle (Lair:3)
  2 shadows
  17 yaks
  A wyvern (Lair:3)
  A basilisk (Lair:1)
  Grum (D:9)
  A fire bat (Lair:1)
  7 water moccasins
  Duvessa (D:6)
  An ice beast (D:7)
  2 orc warriors
  A sky beast (D:7)
  3 black bears
  A blink frog zombie (Lair:2)
  A dream sheep zombie (Lair:3)
  3 ogres (D:5)
  4 wolves (D:9)
  3 lemures
  A komodo dragon zombie (Lair:3)
  A kobold brigand (D:7)
  7 bullfrogs
  A gnoll sergeant (D:9)
  6 scorpions
  2 water moccasin zombies (Lair:2)
  A human zombie (D:8)
  2 yak zombies (D:9)
  6 killer bees
  2 howler monkeys
  A wolf zombie (D:9)
  An electric eel (Lair:1)
  2 bullfrog zombies
  5 orc priests
  A hound (D:7)
  A jelly (D:7)
  A gnoll bouda (D:5)
  5 iguanas
  5 orc wizards
  2 scorpion zombies
  2 killer bee zombies
  An ice beast zombie (D:7)
  A hound zombie (D:7)
  A howler monkey zombie (D:8)
  5 gnolls
  6 adders
  A shadow imp (D:4)
  3 white imps
  An ufetubus (D:5)
  2 dart slugs
  19 orcs
  7 endoplasms
  5 giant cockroaches
  A gnoll zombie (D:8)
  7 goblins
  8 hobgoblins
  16 kobolds
  5 quokkas
  6 ball pythons
  6 bats
  3 frilled lizards
  An orc zombie (D:8)
  7 rats
  A toadstool (D:1)
256 creatures vanquished.

Vanquished Creatures (collateral kills)
  3 death yaks (Lair:1)
  A tengu warrior (D:8)
  Pikel (D:4)
  A rime drake (Lair:3)
  A komodo dragon (Lair:2)
  A vampire (D:9)
  4 yaks
  2 water moccasins
  2 bullfrogs (Lair:3)
  Dowan (D:6)
  3 killer bees
  A howler monkey (D:8)
  A gnoll (D:9)
  A white imp (D:7)
  4 orcs
  A bat (D:1)
  A frilled lizard (D:1)
  A kobold (D:7)
30 creatures vanquished.

Vanquished Creatures (others)
  A dream sheep zombie (Lair:3)
  A human zombie (Lair:1)
  A water moccasin zombie (D:7)
  10 yak zombies
  2 wolf zombies (D:9)
  A basilisk zombie (Lair:1)
  A bullfrog zombie (D:9)
  2 killer bee zombies (D:9)
  A howler monkey zombie (D:8)
  A gnoll zombie (D:9)
  7 orc zombies
  11 fungi
  47 plants
  3 toadstools (D:1)
89 creatures vanquished.

Grand Total: 375 creatures vanquished

Notes
Turn   | Place    | Note
-------+----------+-------------------------------------------
     0 | D:1      | holysushi the Demonspawn Necromancer began the quest for
                  | the Orb.
     0 | D:1      | Reached XP level 1. HP: 13/13 MP: 3/3
   273 | D:1      | Found a faded altar of an unknown god.
   291 | D:1      | Gained mutation: Your demonic aura sometimes causes spilled
                  | blood to erupt in flames. [demonic ancestry]
   291 | D:1      | Reached XP level 2. HP: 20/20 MP: 5/5
   394 | D:1      | You fall into a shaft and drop 1 floor!
   581 | D:2      | Reached skill level 1 in Fighting
   581 | D:2      | Reached skill level 5 in Necromancy
   583 | D:2      | Gained mutation: A weak demonic guardian rushes to your
                  | aid. [demonic ancestry]
   583 | D:2      | Reached XP level 3. HP: 26/26 MP: 6/6
  1955 | D:3      | Learned a level 3 spell: Vampiric Draining
  2138 | D:3      | Gained mutation: Your demonic aura often causes spilled
                  | blood to erupt in flames. [demonic ancestry]
  2138 | D:3      | Reached XP level 4. HP: 34/34 MP: 7/7
  2770 | D:4      | Noticed a black bear
  2778 | D:4      | Killed a black bear
  2779 | D:4      | Reached XP level 5. HP: 15/41 MP: 8/8
  3158 | D:4      | Noticed a lemure
  3183 | D:3      | Killed a lemure
  3217 | D:4      | Noticed a lemure
  3261 | D:4      | Noticed a lemure
  3261 | D:4      | Noticed a lemure
  3565 | D:4      | Noticed Pikel
  3576 | D:4      | Killed a lemure
  3578 | D:4      | Killed a lemure
  3581 | D:4      | Killed Pikel
  3582 | D:4      | Reached XP level 6. HP: 14/47 MP: 9/9
  3582 | D:4      | Gained mutation: Your touch may inflict minor irresistible
                  | damage on your foes. [demonic ancestry]
  3582 | D:4      | Reached XP level 7. HP: 15/52 MP: 10/10
  3788 | D:4      | Reached skill level 1 in Short Blades
  3906 | D:4      | Found Nitecho's Distillery.
  3909 | D:4      | Bought a potion of haste for 140 gold pieces
  3909 | D:4      | Bought a potion of berserk rage for 70 gold pieces
  4274 | D:5      | Entered Level 5 of the Dungeon
  4642 | D:5      | Reached XP level 8. HP: 58/58 MP: 11/11
  4715 | D:5      | Reached skill level 5 in Short Blades
  4913 | D:5      | Identified the +7 chain mail of Gedasch {rElec Dex-3
                  | Stlth+}
  4931 | D:5      | Learned a level 4 spell: Animate Dead
  4934 | D:5      | Learned a level 2 spell: Cigotuvi's Dreadful Rot
  5145 | D:5      | Found a shadowy altar of Dithmenos.
  5149 | D:5      | Found a blossoming altar of Fedhas.
  5222 | D:6      | Noticed Duvessa
  5230 | D:6      | Noticed Dowan
  5375 | D:6      | Found a staircase to the Ecumenical Temple.
  5402 | Temple   | Entered the Ecumenical Temple
  5410 | Temple   | Became a worshipper of Yredelemnul the Dark
  5440 | D:6      | Noticed Prince Ribbit
  5467 | D:6      | Killed Prince Ribbit
  5468 | D:6      | Gained mutation: A demonic guardian rushes to your aid.
                  | [demonic ancestry]
  5468 | D:6      | Reached XP level 9. HP: 39/63 MP: 5/12
  5708 | D:6      | Reached skill level 2 in Dodging
  5909 | D:6      | Reached * piety under Yredelemnul
  6058 | D:6      | Killed Duvessa
  6122 | D:6      | Killed Dowan
  6366 | D:7      | HP: 2/63 [poisoned by a killer bee]
  6370 | D:7      | Reached skill level 3 in Dodging
  7648 | D:8      | Noticed a tengu warrior
  7659 | D:8      | Reached skill level 4 in Dodging
  7674 | D:8      | Reached ** piety under Yredelemnul
  7685 | D:8      | Gained mutation: You are partially covered in icy blue
                  | scales. (AC +2) [demonic ancestry]
  7685 | D:8      | Reached XP level 10. HP: 36/70 MP: 7/13
  7862 | D:8      | Noticed Psyche
  7869 | D:8      | Killed Psyche
  7870 | D:8      | Reached skill level 5 in Dodging
  7870 | D:8      | Reached skill level 5 in Stealth
  7904 | D:8      | Your ally Psyche died
  8232 | D:8      | Found the +18 Lear's hauberk
  8997 | D:8      | Killed a tengu warrior
  8998 | D:8      | Reached skill level 6 in Dodging
  9180 | D:8      | Noticed Joseph
  9198 | D:8      | Killed Joseph
  9199 | D:8      | Reached skill level 10 in Short Blades
  9805 | D:9      | Noticed a wizard
  9935 | D:9      | Noticed Grum
  9945 | D:9      | Killed Grum
  9954 | D:9      | Reached skill level 7 in Dodging
 10052 | D:9      | Identified the +0 robe of the Lost Path {Rampage}
 10171 | D:9      | Reached *** piety under Yredelemnul
 10175 | D:9      | Reached skill level 8 in Dodging
 10325 | D:9      | Your ally Grum died
 10338 | D:9      | Killed a wizard
 10339 | D:9      | Reached skill level 9 in Dodging
 10339 | D:9      | Gained mutation: Your touch may inflict irresistible damage
                  | on your foes. [demonic ancestry]
 10339 | D:9      | Reached XP level 11. HP: 24/67 MP: 14/14
 10649 | D:9      | Found a staircase to the Lair.
 10790 | D:9      | Identified the +2 scale mail of Giruttab {Drain rF+ Str+2}
 10848 | Lair:1   | Entered Level 1 of the Lair of Beasts
 10858 | Lair:1   | Noticed Harold
 10909 | Lair:1   | Killed Harold
 10910 | Lair:1   | Reached skill level 10 in Dodging
 11181 | Lair:1   | Noticed a death yak
 11181 | Lair:1   | Noticed a death yak
 11199 | Lair:1   | Noticed a death yak
 11199 | Lair:1   | Noticed a death yak
 11206 | Lair:1   | Killed a death yak
 11209 | Lair:1   | Your ally Harold died
 11213 | Lair:1   | Killed a death yak
 11220 | Lair:1   | Killed a death yak
 11221 | Lair:1   | Killed a death yak
 11374 | Lair:1   | Noticed Sonja
 11390 | Lair:1   | Sonja changed into Sonja the tengu
 11390 | Lair:1   | Noticed Sonja
 11396 | Lair:1   | Sonja the tengu changed into Sonja the fire bat
 11396 | Lair:1   | Noticed Sonja
 11402 | Lair:1   | Killed Sonja the fire bat
 11403 | Lair:1   | Reached skill level 11 in Dodging
 11538 | Lair:1   | Found a stormy altar of Qazlal.
 12130 | Lair:2   | Gained mutation: You are mostly covered in icy blue scales.
                  | (AC +3) [demonic ancestry]
 12130 | Lair:2   | Reached XP level 12. HP: 65/81 MP: 15/15
 12370 | Lair:2   | Found a hole to the Spider Nest.
 12634 | Lair:2   | Reached skill level 12 in Dodging
 12817 | Lair:2   | Found the +14 obsidian axe {vorpal, Mesm Drain Fly SInv}
 13043 | Lair:3   | Noticed Fannar
 13061 | Lair:3   | Killed Fannar
 13144 | Lair:3   | Reached **** piety under Yredelemnul
 13146 | Lair:3   | Reached skill level 13 in Dodging
 13366 | Lair:3   | Found a staircase to the Shoals.
 13445 | Lair:3   | Noticed Aplut's ghost (journeyman MiBe)
 13571 | Lair:3   | Found a runed translucent gate.
 13571 | Lair:3   | Found a runed translucent gate.
 13571 | Lair:3   | Found a runed translucent gate.
 13617 | Lair:3   | Reached ***** piety under Yredelemnul
 13768 | Lair:4   | Noticed Josephine
 13858 | Lair:2   | Quit the game

Illustrated notes

Levels and vault maps discovered:
D:1:      ldierk_water_garden, layout_basic, hellmonk_ecumenical_altar_lost_god,
          serial_glass, glass_columns_b, glass_columns_a
D:2:      layout_loops_ring, hex_medium, corner_web_ring
D:3:      layout_basic, minmay_cupped
D:4:      layout_loops_ring, serial_shops, nicolae_shop_behind_doors,
          grunt_ministairs_1, kennysheep_generic_room_8, uniq_pikel
D:5:      layout_basic, minitemple, minmay_bent
D:6:      layout_basic, minmay_temple_entry_stoned_glass, solitary_fountain,
          uniq_prince_ribbit1, uniq_duvessa
D:7:      layout_loops_ring
D:8:      layout_basic, hellmonk_guarded_unrand_lears, uniq_joseph, uniq_psyche
D:9:      layout_basic, david_lair_shrubbed, nrook_campfire,
          kennysheep_just_a_vault, uniq_grum
Temple:   hellmonk_temple_of_storms
Lair:1:   layout_misc_corridors, basic_altar, minivault_24, grunt_megastairs_1,
          serial_bayou_shore_a, infiniplex_staircase_pool_2,
          serial_bayou_shore_b, uniq_harold, uniq_sonja
Lair:2:   layout_regular_city, dummy_spider_entry,
          dreamdust_deal_with_the_devil, infiniplex_staircase_pool
Lair:3:   layout_hall_layers, minmay_shoals_entry_hut, gammafunk_ghost_split,
          grunt_megastairs_2, uniq_fannar
Lair:4:   layout_small_grid, minmay_slime_entry_pillars, uniq_josephine

Skill      XL: |  1  2  3  4  5  6  7  8  9 10 11 12 |
---------------+-------------------------------------+-----
Fighting       | 1 2 3 |  3.0
Necromancy     | 5 6 8 |  8.9
Short Blades   | 4 7 9 10 | 10.0
Dodging        | 4 9 11 13 | 13.6
Stealth        | 4 5 8 |  8.0
Spellcasting   | |  2.0

Action                   |  1- 3 |  4- 6 |  7- 9 | 10-12 || total
-------------------------+-------+-------+-------+-------++-------
Melee: Unarmed           |    10 |       |       |       ||    10
       Short sword       |       |    14 |   161 |       ||   175
       Touch             |       |       |    37 |    85 ||   122
       Punch             |       |       |     5 |    11 ||    16
       Dagger            |       |       |    29 |   361 ||   390
 Cast: Necrotise         |    81 |    23 |   119 |    14 ||   237
       Vampiric Draining |       |       |    22 |       ||    22
       Cigotuvi's Dreadf |       |       |       |     2 ||     2
Invok: Recall Undead Har |       |       |     4 |     7 ||    11
       Dark Bargain      |       |       |       |     1 ||     1
       Stop Recall       |       |       |       |     1 ||     1
Evoke: Wand              |       |     6 |       |     6 ||    12
  Use: Scroll            |       |     4 |     9 |    17 ||    30
       Potion            |       |       |     1 |     2 ||     3
 Stab: Sleeping          |       |       |     4 |     6 ||    10
       Distracted        |       |       |       |     2 ||     2
Armor: Robe              |     8 |    12 |    53 |    45 ||   118
Dodge: Dodged            |    21 |    36 |   126 |   176 ||   359

Table legend: (Time is in decaauts)
 A = Elapsed time spent in this place.
 B = Non-inter-level travel time spent in this place.
 C = Inter-level travel time spent in this place.
 D = Time resting spent in this place.
 E = Time spent auto-exploring this place.
 F = Levels seen in this place.
 G = Mean time per level.
                   A        B        C        D        E       F      G
               +--------+--------+--------+--------+--------+-----+--------+
         Total |  13651 |  12997 |    654 |   3200 |   6523 |  14 |  975.1 |
       Dungeon |  10701 |  10214 |    487 |   2369 |   5475 |   9 | 1189.0 |
        Temple |     15 |     15 |      0 |      0 |      0 |   1 |   15.0 |
          Lair |   2934 |   2768 |    166 |    831 |   1048 |   4 |  733.5 |
               +--------+--------+--------+--------+--------+-----+--------+

Top non-repeatable levels by time:
     D:8: 2088 daAuts
     D:4: 1486 daAuts
  Lair:1: 1222 daAuts
     D:3: 1200 daAuts
     D:6: 1173 daAuts
     D:7: 1129 daAuts
     D:9: 1024 daAuts
     D:1: 1014 daAuts
  Lair:2: 952 daAuts
     D:2: 801 daAuts
     D:5: 783 daAuts
  Lair:3: 749 daAuts
  Temple: 15 daAuts
  Lair:4: 9 daAuts
